 Dungeon Crawl Stone Soup version 0.31-a0-1074-g0b22e4e0f1 (webtiles) character file.

Game seed: 10641343813262525123

25 Jeffwins the Vexing (level 3, 0/17 HPs)
             Began as a Vine Stalker Hexslinger on Dec 6, 2023.
             Slain by an adder (1 damage)
             ... on level 2 of the Dungeon.
             The game lasted 00:01:19 (742 turns).

Jeffwins the Vexing (Vine Stalker Hexslinger)        Turns: 742, Time: 00:01:19

Health: 0/17       AC:  2    Str: 10    XL:     3   Next: 6%
Magic:  0/5        EV: 12    Int: 15    God:
Gold:   34         SH:  0    Dex: 16    Spells: 4/4 levels left

rFire   . . .        a - +1 sling
rCold   . . .        (no shield)
rNeg    . . .        c - +0 robe
rPois   .            (no helmet)
rElec   .            (no cloak)
rCorr   .            (no gloves)
SInv    .            (no boots)
Will    .....        (no amulet)
Stlth   ++           (no ring)
HPRegen 1.02/turn    (no ring)
MPRegen 0.09/turn

%: guardian spirit
@: lethally poisoned (0 -> 0), hasted, very quick
A: fangs 2, regeneration 1, magic shield, antimagic bite, no potion heal 2
a: no special abilities


You were on level 2 of the Dungeon.
You visited 1 branch of the dungeon, and saw 2 of its levels.

You collected 34 gold pieces.


Innate Abilities, Weirdness & Mutations

You have extremely sharp teeth.
Your natural rate of healing is unusually fast.
When hurt, damage is shared between your health and your magic reserves.
Your bite disrupts and absorbs the magic of your enemies.
Potions cannot restore your health.


   Skills:
 - Level 0.8 Fighting
 * Level 2.6 Ranged Weapons
 + Level 0.3 Throwing
 - Level 1.5 Dodging
 + Level 1.0 Stealth
 - Level 1.1 Spellcasting
 * Level 3.1 Hexes
 * Level 0.4 Translocations
 - Level 1.0 Fire Magic


You had 4 spell levels left.
You didn't know any spells.
Your spell library contained the following spells:

 Spells                   Type           Power      Damage    Failure   Level
 Jinxbite                 Hex            20%        N/A       11%         2
 Sigil of Binding         Hex            10%        N/A       21%         3
 Inner Flame              Hex/Fire       7%         N/A       30%         3
 Cause Fear               Hex            5%         N/A       56%         4
 Dimensional Bullseye     Hex/Tloc       3%         N/A       75%         4

Inventory:

Hand Weapons
 a - a +1 sling (weapon)
Missiles
 d - 4 curare-tipped darts {=f}
Armour
 c - a +0 robe (worn)
Scrolls
 b - 2 scrolls of poison {!r}
 e - 3 scrolls of identify {unknown}
 g - a scroll of teleportation {unknown}

Dungeon Overview and Level Annotations

Branches:
Dungeon (2/15)

Altars:

### ..# ## #.# ... #.#
.... ... #.# )....
.........######.##......
................@S.....?
.....>..###..#..##......
........###.##.## .....
...........>#..# ....
...........##.## ...
......††.#....# ?.
......<.....##....# #
...............####
........##...###


You could see an adder.


Message History

You shoot a sling bullet. The sling bullet hits the adder.
The adder is moderately wounded.
The adder bites you. x2
You shoot a sling bullet. The sling bullet misses the adder.
The adder bites you but does no damage.
Unknown command.
You shoot a sling bullet.
The sling bullet barely misses the adder.
The adder bites you.
You are poisoned.
The adder poisons you! The adder bites you.
You shoot a sling bullet. The sling bullet hits the adder.
The adder is severely wounded.
You feel sick. The adder bites you.
* * * LOW HITPOINT WARNING * * *
You are more poisoned.
The adder poisons you! The adder bites you but does no damage.
You are too injured to fight recklessly!
Unknown command.
You shoot a sling bullet.
The sling bullet closely misses the adder.
You feel very sick. The adder bites you.
* * * LOW HITPOINT WARNING * * *
The adder barely misses you.
An adder is nearby!
Unknown command.
It was a potion of haste.
You feel yourself speed up.
You feel sick. The adder bites you.
You die...

Skill      XL: |  1  2 |
---------------+-------+-----
Ranged Weapons | 2 |  2.6
Stealth        | 1 |  1.0
Fighting       | |  0.8
Throwing       | |  0.3
Dodging        | |  1.5
Spellcasting   | |  1.1
Hexes          | |  3.1
Translocations | |  0.4
Fire Magic     | |  1.0

Action                     || total
---------------------------++-------
   Fire: Sling             ||    73
    Use: Potion            ||     1
 Armour: Robe              ||    35
  Dodge: Dodged            ||    27

Levels and vault maps discovered:
D:1:      hellmonk_arrival_library, layout_loops_ring
D:2:      layout_rooms

Notes
Turn   | Place    | Note
-------+----------+-------------------------------------------
     0 | D:1      | Jeffwins the Vine Stalker Hexslinger began the quest for
                  | the Orb.
     0 | D:1      | Reached XP level 1. HP: 9/9 MP: 3/3
    43 | D:1      | Reached skill level 2 in Ranged Weapons
   101 | D:1      | Reached XP level 2. HP: 14/14 MP: 4/4
   711 | D:2      | Reached skill level 1 in Stealth
   711 | D:2      | Reached XP level 3. HP: 17/17 MP: 5/5
   741 | D:2      | HP: 1/17 [adder (3)]
   742 | D:2      | Slain by an adder

Vanquished Creatures
  A dart slug (D:1)
  A ball python (D:2)
  4 bats
  2 endoplasms
  A goblin (D:1)
  5 hobgoblins (D:1)
  2 jackals (D:1)
  A frilled lizard (D:1)
  4 rats
21 creatures vanquished.

Table legend: (Time is in decaauts)
 A = Elapsed time spent in this place.
 B = Non-inter-level travel time spent in this place.
 C = Inter-level travel time spent in this place.
 D = Time resting spent in this place.
 E = Time spent auto-exploring this place.
 F = Levels seen in this place.
 G = Mean time per level.
                   A        B        C        D        E       F      G
               +--------+--------+--------+--------+--------+-----+--------+
         Total |    762 |    739 |     23 |      0 |    593 |   2 |  381.0 |
       Dungeon |    762 |    739 |     23 |      0 |    593 |   2 |  381.0 |
               +--------+--------+--------+--------+--------+-----+--------+

Top non-repeatable levels by time:
     D:1: 719 daAuts
     D:2: 42 daAuts

Table legend:
 A = Non-vault XP
 B = Vault XP
 C = Vault XP percentage of total XP
 D = Non-vault monster count
 E = Vault monster count
 F = Vault count percentage of total count
                 A         B        C        D         E       F
            +---------+---------+-------+---------+---------+-------
      Total |      37 |       0 |   0.0 |      21 |       0 |   0.0
            +---------+---------+-------+---------+---------+-------
        D:1 |      31 |       0 |   0.0 |      17 |       0 |   0.0
        D:2 |       6 |       0 |   0.0 |       4 |       0 |   0.0
            +---------+---------+-------+---------+---------+-------
